 Dungeon Crawl Stone Soup version 0.29-a0-341-g24ffce5b50 (webtiles) character file.

Game seed: 15465361178084738263

7 spaghetti the Caller (level 2, -23/19 HPs)
             Began as a Barachi Summoner on Apr 20, 2022.
             Killed by an exploding bat (26 damage)
             ... ignited by their inner flame
             ... on level 1 of the Dungeon.
             The game lasted 00:00:45 (204 turns).

spaghetti the Caller (Barachi Summoner)              Turns: 204, Time: 00:00:46

Health: -23/19     AC:  2    Str:  9    XL:     2   Next: 4%
Magic:  0/5        EV: 12    Int: 15    God:
Gold:   14         SH:  0    Dex: 12    Spells: 4/5 levels left

rFire   . . .      SeeInvis .   (no weapon)
rCold   . . .      Faith    .   (no shield)
rNeg    . . .      Spirit   .   a - +0 robe
rPois   .          Reflect  .   (no helmet)
rElec   .          Harm     .   (no cloak)
rCorr   .          Rampage  .   (no gloves)
Will    .....                   (no boots)
Stlth   ++........              (no amulet)
HPRegen 0.06/turn               (no ring)
MPRegen 0.09/turn               (no ring)

@: unable to hop, slow
A: amphibious, slowness 1, strong legs 1, +LOS
a: Hop


You were on level 1 of the Dungeon.
You visited 1 branch of the dungeon, and saw 1 of its levels.

You collected 14 gold pieces.


Innate Abilities, Weirdness & Mutations

You are amphibious.
You cover ground slowly.
You can hop short distances.
You have an extended range of vision and can be seen from far away.


   Skills:
 - Level 2.1 Dodging
 - Level 1.7 Stealth
 - Level 2.1 Spellcasting
 + Level 5.3 Summonings


You had 4 spell levels left.
You knew the following spells:

 Your Spells              Type           Power      Damage    Failure   Level
a - Summon Small Mammal   Summ           68%        N/A       2%          1

Your spell library contained the following spells:

 Spells                   Type           Power      Damage    Failure   Level
 Call Imp                 Summ           17%        N/A       3%          2
 Call Canine Familiar     Summ           17%        N/A       7%          3
 Summon Guardian Golem    Hex/Summ       9%         N/A       22%         3
 Summon Lightning Spire   Summ/Air       9%         N/A       58%         4

Inventory:

Hand Weapons
 c - a +0 short sword {short}
   (You took it off a kobold on level 1 of the Dungeon)
Armour
 a - a +0 robe (worn)
Scrolls
 d - a scroll of magic mapping {unknown}
Potions
 b - a potion of magic

Dungeon Overview and Level Annotations

Branches:
Dungeon (1/15)

Altars:

#.# #..P≈≈≈≈≈≈≈≈.. #.#
#.†...........
####.###..P≈≈≈≈≈≈≈≈..
##.........≈≈≈≈≈≈≈≈≈≈.
#..##.###..≈≈≈≈≈≈≈≈≈≈.
#.......#..P≈≈≈≈≈≈≈≈P.
#...8§§.#.............
##.#.._§.§...............
.......8@g##.............
####....r...!...######...
##.#..##...)... #... #
##.##........ #...
#.##.##...##. #... #.##.
.... $#... #.##. ....#
... #.# ... #.# ...


You could see a goblin (inner flame) and a friendly quokka (summoned, inner
flame).


Message History

😕 HP[-1]
You take 1 damage, and now have 12/13 hp.
Your bat closely misses the goblin.
The bat barely misses you.
A goblin comes into view. It is wielding a +0 club.
The giant cockroach bites you.
Your bat barely misses the goblin. 😕 HP[-1]
You take 1 damage, and now have 11/13 hp.
You hit the giant cockroach. Your bat hits the goblin.
The goblin dies!
The bat hits you.
The giant cockroach barely misses you. 😕 HP[-1]
You take 1 damage, and now have 10/13 hp.
You closely miss the giant cockroach. Your bat hits the giant cockroach.
The giant cockroach barely misses you. The rat misses you.
You closely miss the giant cockroach. The bat hits you but does no damage.
Your bat hits the bat but does no damage.
Your bat barely misses the giant cockroach.
The bat hits you but does no damage.
The giant cockroach bites you but does no damage.
The rat bites you.
Your bat barely misses the giant cockroach. 😮 HP[-1]
You take 1 damage, and now have 9/13 hp.
You barely miss the giant cockroach. The bat barely misses you.
Your bat hits the giant cockroach but does no damage.
Your bat closely misses the bat.
The giant cockroach misses you. The rat closely misses you.
The giant cockroach bites you. 😮 HP[-1] MP[+1]
You take 1 damage, and now have 8/13 hp.
You hit the giant cockroach but do no damage.
The bat closely misses you.
Your bat hits the giant cockroach. The rat barely misses you.
The giant cockroach bites your bat.
Your bat hits the giant cockroach but does no damage. x2
You hit the giant cockroach but do no damage.
Your bat barely misses the giant cockroach. x2
The bat misses you. The rat misses you. The giant cockroach misses you.
Your bat closely misses the goblin.
You hit the giant cockroach but do no damage.
Your bat hits the goblin. The bat hits you. The giant cockroach bites you.
* * * LOW HITPOINT WARNING * * *
The rat closely misses you. The goblin closely misses you.
Your bat hits the giant cockroach.
Your bat barely misses the goblin. 😨 HP[-3]
You take 3 damage, and now have 5/13 hp.
MASSIVE DAMAGE!! (PAUSE)
Okay, then.
Okay, then.
Hop to where?
Press: ? - help, Dir - move target A rat comes into view.
Boing!
The giant cockroach bites something.
The goblin hits something with a +0 club.
Casting: Summon Small Mammal (safe; 2% risk of failure)
Confirm with . or Enter, or press ? or * to list all spells.
😨 MP[-1]
You lost 1 mp, and now have 1/3 mp.
Casting: Summon Small Mammal (safe; 2% risk of failure)
Confirm with . or Enter, or press ? or * to list all spells.
Your bat disappears in a puff of smoke!
The bat hits you.
* * * LOW HITPOINT WARNING * * *
The bat closely misses you. The bat completely misses you.
The rat bites you but does no damage.
Your quokka barely misses the rat. 😨 HP[-1] MP[-1]
You take 1 damage, and now have 4/13 hp.
You lost 1 mp, and now have 0/3 mp.
Unknown command.
You closely miss the rat. The bat barely misses you. The rat bites you.
* * * LOW HITPOINT WARNING * * *
Your quokka bites the rat.
The rat dies!
Your quokka bites the rat!
The rat dies!
You have reached level 2! 😨 HP[+1]
You now have 19 max hp (+6).
Unknown command.
You hit the giant cockroach but do no damage.
The bat hits you but does no damage. The giant cockroach bites you.
* * * LOW HITPOINT WARNING * * *
Your quokka completely misses the goblin. 😱 HP[-2]
You take 2 damage, and now have 3/19 hp.
Unknown command.
Unknown command.
Okay, then.
Unknown command.
As you read the scroll labelled NENAAVY TONI, it crumbles to dust.
The creatures around you are filled with an inner flame!
It was a scroll of immolation.
The giant cockroach completely misses you.
The bat hits you but does no damage.
Your quokka barely misses the goblin.
The goblin closely misses you.
Your quokka bites the bat.
The bat explodes!
The fiery explosion engulfs your quokka!!
Your quokka's corpse disappears in a puff of smoke!
The fiery explosion engulfs the giant cockroach!!
The fiery explosion engulfs you!!
Ouch! That really hurt!
You die...

Skill      XL: |  1 |
---------------+----+-----
Summonings     | 5 |  5.3
Dodging        | |  2.1
Stealth        | |  1.7
Spellcasting   | |  2.1

Action                   || total
-------------------------++-------
Melee: Unarmed           ||    12
 Cast: Summon Small Mamm ||    10
 Abil: Hop               ||     1
  Use: Scroll            ||     1
 Stab: Distracted        ||     1
Armor: Robe              ||     7
Dodge: Dodged            ||    26

Levels and vault maps discovered:
D:1:      giann_bridges, layout_basic, dreamdust_ecumenical_altar_statues,
          minmay_misc_feat_roman, chequers_arboretum

Notes
Turn   | Place    | Note
-------+----------+-------------------------------------------
     0 | D:1      | spaghetti the Barachi Summoner began the quest for the Orb.
     0 | D:1      | Reached XP level 1. HP: 13/13 MP: 3/3
     0 | D:1      | magus.rc [v1.9.6]
   108 | D:1      | Reached skill level 5 in Summonings
   182 | D:1      | Found a faded altar of an unknown god.
   203 | D:1      | Reached XP level 2. HP: 5/19 MP: 0/5
   203 | D:1      | HP: 3/19 [giant cockroach (2)]
   204 | D:1      | Killed by an exploding bat... ignited by their inner flame

Vanquished Creatures
  A giant cockroach (D:1)
1 creature vanquished.

Vanquished Creatures (collateral kills)
  A giant cockroach (D:1)
  A goblin (D:1)
  3 ball pythons (D:1)
  A bat (D:1)
  A kobold (D:1)
  2 rats (D:1)
9 creatures vanquished.

Grand Total: 10 creatures vanquished

Table legend:
 A = Non-vault XP
 B = Vault XP
 C = Vault XP percentage of total XP
 D = Non-vault monster count
 E = Vault monster count
 F = Vault count percentage of total count
                 A         B        C        D         E       F
            +---------+---------+-------+---------+---------+-------
      Total |      14 |       0 |   0.0 |      10 |       0 |   0.0
            +---------+---------+-------+---------+---------+-------
        D:1 |      14 |       0 |   0.0 |      10 |       0 |   0.0
            +---------+---------+-------+---------+---------+-------

Illustrated notes

Table legend:
 A = Kills in this place as a percentage of kills in entire the game.
 B = Kills by you in this place as a percentage of kills by you in the entire game.
 C = Kills by friends in this place as a percentage of kills by friends in the entire game.
 D = Other kills in this place as a percentage of other kills in the entire game.
 E = Experience gained in this place as a percentage of experience gained in the entire game.
 F = Experience gained in this place divided by the number of levels of this place that you have seen.
                   A       B       C       D       E      F
               +-------+-------+-------+-------+-------+----------------------
         Total | 100.0 | 100.0 | 100.0 |   N/A | 100.0 |  14.0
       Dungeon | 100.0 | 100.0 | 100.0 |   N/A | 100.0 |  14.0
               +-------+-------+-------+-------+-------+----------------------

Table legend: (Time is in decaauts)
 A = Elapsed time spent in this place.
 B = Non-inter-level travel time spent in this place.
 C = Inter-level travel time spent in this place.
 D = Time resting spent in this place.
 E = Time spent auto-exploring this place.
 F = Levels seen in this place.
 G = Mean time per level.
                   A        B        C        D        E       F      G
               +--------+--------+--------+--------+--------+-----+--------+
         Total |    224 |    224 |      0 |      0 |    167 |   1 |  224.0 |
       Dungeon |    224 |    224 |      0 |      0 |    167 |   1 |  224.0 |
               +--------+--------+--------+--------+--------+-----+--------+

Top non-repeatable levels by time:
     D:1: 224 daAuts
